 Dungeon Crawl Stone Soup version 0.22-a0-533-g4d20840 (webtiles) character file.

18 inc the Scratcher (level 2, -4/14 HPs)
             Began as a Felid Chaos Knight on June 22, 2018.
             Killed by the capriciousness of Xom (8 damage)
             ... on level 2 of the Dungeon.
             The game lasted 00:01:09 (1060 turns).

inc the Scratcher (Felid Chaos Knight)              Turns: 1060, Time: 00:01:10

Health: -4/14      AC:  1    Str:  8    XL:     2   Next: 51%
Magic:  3/3        EV: 18    Int: 13    God:    Xom [..*...]
Gold:   19         SH:  0    Dex: 15    Spells: 1/1 levels left
                                        Lives:  0   Deaths: 0

rFire    . . .     SeeInvis +     - Unarmed
rCold    . . .     Gourm    .   (shield unavailable)
rNeg     . . .     Faith    .   (armour unavailable)
rPois    .         Spirit   .   (helmet unavailable)
rElec    .         Reflect  .   (cloak unavailable)
rCorr    .         Harm     .   (gloves unavailable)
MR       .....                  (boots unavailable)
Stlth    ++........             (no amulet)
HPRegen  0.04/turn              (no ring)
MPRegen  0.08/turn              (no ring)

@: quick
A: very small, no armour, no weapons or thrown items, stealth, claws 1, fangs 3,
see invisible, carnivore, speed 1, shaggy fur 1, slow metabolism 1, sharp paws
a: Renounce Religion


You were on level 2 of the Dungeon.
You worshipped Xom.
You were a BORING thing.
You were full.

You visited 1 branch of the dungeon, and saw 2 of its levels.

You collected 19 gold pieces.

Inventory:

Scrolls
 b - 2 scrolls of teleportation {unknown}
 e - a scroll of remove curse {unknown}
 f - a scroll of identify {unknown}
Potions
 c - a potion of might {unknown}
 d - a potion of agility {unknown}
Comestibles
 a - a ration


   Skills:
 - Level 3.0 Fighting
 - Level 3.2 Dodging
 + Level 3.9 Unarmed Combat


You had one spell level left.
You didn't know any spells.
Your spell library was empty.

Dungeon Overview and Level Annotations

Branches:
Dungeon (2/15)

Altars:


Innate Abilities, Weirdness & Mutations

You cannot wear armour.
You are incapable of wielding weapons or throwing items.
Your paws allow you to move quietly. (Stealth)
You have sharp claws.
You have razor-sharp teeth.
You have supernaturally acute eyesight. (SInv)
You are carnivorous and can eat meat at any time.
You cover ground quickly.
You are covered in fur. (AC +1)
You have a slow metabolism.
Your sharp claws are effective at attacking unaware monsters.


Message History

The worm is almost dead.
The worm bites you.
* * * LOW HITPOINT WARNING * * *
You scratch the worm.
You kill the worm!
You see here a worm corpse.
You start resting.
Xom's power almost touches on you for a moment.
Nothing appears to happen.
You butcher the worm corpse.
You are now a BORING thing.
g - a chunk of flesh Eat a chunk of flesh? (ye/n/q)
You eat the chunk of flesh.
This raw flesh tastes great.
You start resting.
Xom notices you. Heat is drained from your body!
Ouch! That really hurt!
You die...
Xom chuckles heartily!

#...# ........ #...#
.. .... #...# .. ...
# #...##### # .
#.###.#........
#.##.#...#.#.....####
#....#...#..........#
#........###.....##
#...@...(.#....<#
##.#...##.#.##### ..
#...##.#.# ##
######.#.# #.#.#
#.#.# #.#.# #.#.# #.#


There were no monsters in sight!

Vanquished Creatures
  A worm (D:2)
  4 bats (D:1)
  2 giant cockroaches (D:1)
  A goblin (D:1)
  A hobgoblin (D:1)
  A frilled lizard (D:1)
  3 kobolds (D:1)
  5 rats
18 creatures vanquished.

Notes
Turn   | Place    | Note
-------+----------+-------------------------------------------
     0 | D:1      | inc the Felid Chaos Knight began the quest for the Orb.
     0 | D:1      | Reached XP level 1. HP: 10/10 MP: 2/2
   269 | D:1      | XOM: divination: detect items
   391 | D:1      | XOM: cloud trail
   704 | D:1      | Reached XP level 2. HP: 14/14 MP: 3/3
   751 | D:1      | XOM: harmless Pois miscast
  1050 | D:2      | XOM: harmless Air miscast
  1060 | D:2      | XOM is BORED!
  1060 | D:2      | XOM: medium Ice miscast
  1060 | D:2      | Killed by the capriciousness of Xom

Vault maps used:
D:1:      eino_arrival_cavern_b, serial_bayou_pond_e
D:2:      grunt_temple_overflow_opulence, first_ration, uniq_terence

Action                   || total
-------------------------++-------
Melee: Unarmed           ||    58
       Bite              ||     2
 Stab: Sleeping          ||     4
  Eat: Chunk             ||     4
Armor: Skin              ||     2
Dodge: Dodged            ||    41

Table legend:
 A = Spawn XP
 B = Non-spawn XP
 C = Spawn XP percentage of total XP
 D = Spawn monster count
 E = Non-spawn monster count
 F = Spawn count percentage of total count
 G = Total turns spent on level
                    A         B        C        D         E        F      G
               +---------+---------+-------+---------+---------+-------+---------
         Total |       0 |      27 |   0.0 |       0 |      18 |   0.0 |  1060
               +---------+---------+-------+---------+---------+-------+---------
           D:1 |       0 |      21 |   0.0 |       0 |      16 |   0.0 |   989
           D:2 |       0 |       6 |   0.0 |       0 |       2 |   0.0 |    71
               +---------+---------+-------+---------+---------+-------+---------
